 Dungeon Crawl Stone Soup version bcrawl-1.36 (webtiles) character file.

Game seed: 974454029126404625

296615 sosombra the Thaumaturge (level 10, -8/74 HPs)
             Began as a Gnoll Wizard on May 15, 2022.
             Was a Follower of Nemelex Xobeh.
             Hit by a javelin thrown by Urug (17 damage)
             ... on level 1 of the Lair of Beasts.
             The game lasted 00:57:43 (9347 turns).

sosombra the Thaumaturge (Gnoll Wizard)             Turns: 9347, Time: 00:57:44

Health: -8/74      AC: 13    Str: 12    XL:     10   Next: 81%
Magic:  10/23      EV: 19    Int: 21    God:    Nemelex Xobeh [*.....]
Gold:   471        SH:  0    Dex: 14    Spells: 13/27 levels left

rFire    . . .     SeeInvis .   b - +4 halberd (elec)
rCold    + . .     Gourm    .   (shield currently unavailable)
rNeg     . . .     Faith    .   k - +4 ring mail
rPois    .         Spirit   .   v - +1 hat
rElec    .         Reflect  .   n - +0 cloak
rCorr    .                      Q - +0 pair of gloves
MR       .....                  (no boots)
Stlth    +++.......             y - amulet of regeneration
HPRegen  0.52/turn              t - ring of protection from cold
MPRegen  0.18/turn              J - +5 ring of evasion

@: no status effects
A: distributed training, fangs 1, strong nose
a: Draw Escape, Draw Destruction, Draw Summoning, Renounce Religion


You were on level 1 of the Lair of Beasts.
You worshipped Nemelex Xobeh.
Nemelex Xobeh was aware of your devotion.
You were hungry.

You visited 2 branches of the dungeon, and saw 9 of its levels.
You also visited: Ossuary and Bailey.

You collected 471 gold pieces.

Inventory:

Hand Weapons
 a - a +0 dagger of venom
 b - a +4 halberd of electrocution (weapon)
 z - a +1 whip of flaming
Armour
 k - a +4 ring mail (worn)
 n - a +0 cloak (worn)
 v - a +1 hat (worn)
 B - a +1 robe of magic resistance
 F - a +0 robe of positive energy
 N - a +0 troll leather armour
 Q - a +0 pair of gloves (worn)
Jewellery
 d - an uncursed ring of flight
 t - a ring of protection from cold (left hand)
 y - an amulet of regeneration (around neck)
 D - an uncursed amulet of rage
 E - an uncursed ring of protection from cold
 J - a +5 ring of evasion (right hand)
 M - an uncursed ring of protection from cold
Wands
 q - a wand of polymorph (13)
 I - a wand of flame (16)
 L - a wand of disintegration (9)
 P - a wand of iceblast (5)
Scrolls
 c - a scroll of fog {unknown}
 h - 2 scrolls of magic mapping
 m - 4 scrolls of enchant armour
 x - 2 scrolls of teleportation
 A - 3 scrolls of immolation
 C - a scroll of amnesia {unknown}
 O - a scroll of noise {unknown}
Potions
 f - 3 potions of brilliance
 g - 2 potions of lignification
 j - a potion of curing
 l - 8 potions of heal wounds
 o - 3 potions of might {unknown}
 p - a potion of degeneration {unknown}
 s - 6 potions of magic {unknown}
 u - 4 potions of mutation
 w - a potion of haste
 G - a potion of ambrosia {unknown}
 K - a potion of experience {unknown}
Comestibles
 e - 17 rations {!d}


   Skills:
 + Level 5.5 Fighting
 + Level 5.5 Short Blades
 + Level 5.5 Long Blades
 + Level 5.5 Axes
 + Level 5.5 Maces & Flails
 + Level 5.5 Polearms
 + Level 5.5 Staves
 + Level 5.5 Slings
 + Level 5.5 Bows
 + Level 5.5 Crossbows
 + Level 5.5 Throwing
 + Level 5.5 Armour
 + Level 7.2 Dodging
 + Level 7.2 Stealth
 + Level 5.5 Shields
 + Level 5.5 Unarmed Combat
 + Level 9.1 Spellcasting
 + Level 5.1 Conjurations
 + Level 4.5 Hexes
 + Level 4.5 Charms
 + Level 5.1 Summonings
 + Level 4.5 Necromancy
 + Level 5.1 Translocations
 + Level 4.5 Transmutations
 + Level 4.5 Fire Magic
 + Level 4.5 Ice Magic
 + Level 4.5 Air Magic
 + Level 4.5 Earth Magic
 + Level 4.5 Poison Magic
 + Level 6.1 Invocations
 + Level 5.5 Evocations


You had 13 spell levels left.
You knew the following spells:

 Your Spells              Type           Power        Failure   Level  Hunger
a - Magic Dart            Conj           ####         1%          1    None
b - Blink                 Tloc           N/A          2%          2    None
c - Call Imp              Summ           ####..       2%          2    None
d - Conjure Flame         Conj/Fire      ####....     6%          3    None
e - Mephitic Cloud        Conj/Pois/Air  ####....     6%          3    None
f - Spider Form           Tmut/Pois      ###          7%          3    None

Your spell library contained the following spells:

 Spells                   Type           Power        Failure   Level  Hunger


Dungeon Overview and Level Annotations

Branches:
Dungeon (8/12)             Temple (0/1) D:7            Lair (1/6) D:7
    Orc: D:8-11

Altars:
Lugonu
Nemelex Xobeh
Zin

Shops:
D:6 =!=}

Portals:
Abyss: Lair:1

Annotations:
Lair:1 Urug


Innate Abilities, Weirdness & Mutations

Your experience applies equally to all skills.
You have very sharp teeth.
Your uncanny sense of smell can sniff out nearby items.


Message History

Aim: Urug, wielding a +0 scimitar of electrocution, wearing a +0 scale mail of cold resistance and quivering 89 javelins (lightly wounded, unusually agile)
Okay, then.
Casting: Conjure Flame (safe; 6% risk of failure)
Confirm with . or Enter, or press ? or * to list all spells.
Aiming: Mephitic Cloud (safe; 6% risk of failure)
Press: ? - help, Shift-Dir - straight line, p - Urug The ball explodes into a vile cloud!
The stinking cloud engulfs Urug but does no damage.
Urug is lightly wounded.
You hear an angry hiss.
Urug is engulfed in noxious fumes.
Urug screams, "Prepare for a defeathering!"
Urug hits you with a +0 scimitar of electrocution!
You are electrocuted!
* * * LOW HITPOINT WARNING * * *
Urug is engulfed in noxious fumes.
Urug throws a javelin.
The javelin hits you but does no damage.
Urug is engulfed in noxious fumes.
Urug throws a javelin.
The javelin hits you!
You die...
Your body disappears without a glow.

###..#... #..#... #......
##...... ### ###P......
#######.#####.#.......
###....##....###........
.##.......................
.........@................
......o○○.................
......☼☼○.................
........○..........#......
.............#....##...[..
...#####.##P##.##.#.......
... ############....... ..
##...... #.......


You could see Urug.

Vanquished Creatures
  Pikel (D:4)
  A cane toad (Lair:1)
  Maurice (D:8)
  2 trolls (D:7)
  2 hippogriffs
  5 crocodiles
  A porcupine (D:7)
  Duvessa (D:4)
  3 black bears (D:7)
  2 ice beasts
  2 slaves (D:4)
  3 phantoms (D:7)
  2 orc warriors
  A sky beast (D:4)
  2 ogres
  3 wolves (Lair:1)
  2 centaurs (D:5)
  2 bullfrogs (D:7)
  Blork the orc (D:6)
  3 killer bees (D:7)
  2 wights (D:7)
  A jelly (D:7)
  An orc priest (D:7)
  2 crimson imps
  A bullfrog zombie (D:7)
  A hound (D:5)
  3 orc wizards
  A bullfrog skeleton (D:4)
  An iguana (D:5)
  Terence (D:2)
  2 worker ants
  A hound skeleton (D:5)
  2 worker ant zombies (D:5)
  7 adders
  17 gnolls
  A shadow imp (D:7)
  An ooze (D:6)
  An adder skeleton (D:4)
  2 worms
  A dart slug (D:3)
  4 leopard geckos
  11 orcs
  4 bats
  2 giant cockroaches
  A gnoll zombie (Ossuary)
  19 hobgoblins
  6 jackals
  23 kobolds
  4 quokkas
  3 ball pythons
  2 frilled lizards
  6 goblins
  2 hobgoblin zombies (Ossuary)
  A jackal skeleton (D:4)
  4 orc zombies (Ossuary)
  6 rats
  2 lurking horrors (Lair:1)
189 creatures vanquished.

Vanquished Creatures (collateral kills)
  A yak (D:7)
  A slave (D:3)
  A wolf (Lair:1)
  An ice beast (D:7)
  A black bear (D:7)
  A wight (D:7)
  An orc priest (D:7)
  A hound (D:7)
  Ijyb (D:4)
  A dart slug (D:1)
  4 orcs
  A goblin (D:7)
  A hobgoblin (D:1)
16 creatures vanquished.

Vanquished Creatures (others)
  41 fungi (D:7)
  28 plants (D:7)
69 creatures vanquished.

Grand Total: 274 creatures vanquished

Notes
Turn   | Place    | Note
-------+----------+-------------------------------------------
     0 | D:1      | sosombra the Gnoll Wizard began the quest for the Orb.
     0 | D:1      | Reached XP level 1. HP: 13/13 MP: 8/8
   128 | D:1      | Reached XP level 2. HP: 19/19 MP: 6/10
   131 | D:1      | Learned a level 2 spell: Blink
   134 | D:1      | Learned a level 2 spell: Call Imp
   561 | D:1      | Reached XP level 3. HP: 25/25 MP: 3/11
  1083 | D:2      | Learned a level 3 spell: Conjure Flame
  1087 | D:2      | Learned a level 3 spell: Mephitic Cloud
  1091 | D:2      | Learned a level 3 spell: Spider Form
  1347 | D:2      | Reached skill level 1 in Invocations
  1387 | D:2      | Noticed Terence
  1401 | D:2      | Killed Terence
  1402 | D:2      | Reached skill level 1 in Fighting
  1402 | D:2      | Reached skill level 1 in Short Blades
  1402 | D:2      | Reached skill level 1 in Long Blades
  1402 | D:2      | Reached skill level 1 in Axes
  1402 | D:2      | Reached skill level 1 in Maces & Flails
  1402 | D:2      | Reached skill level 1 in Polearms
  1402 | D:2      | Reached skill level 1 in Staves
  1402 | D:2      | Reached skill level 1 in Slings
  1402 | D:2      | Reached skill level 1 in Bows
  1402 | D:2      | Reached skill level 1 in Crossbows
  1402 | D:2      | Reached skill level 1 in Throwing
  1402 | D:2      | Reached skill level 1 in Armour
  1402 | D:2      | Reached skill level 1 in Shields
  1402 | D:2      | Reached skill level 1 in Unarmed Combat
  1402 | D:2      | Reached skill level 1 in Evocations
  1402 | D:2      | Reached XP level 4. HP: 19/32 MP: 1/13
  1661 | D:2      | Reached skill level 1 in Hexes
  1661 | D:2      | Reached skill level 1 in Charms
  1661 | D:2      | Reached skill level 1 in Necromancy
  1661 | D:2      | Reached skill level 1 in Transmutations
  1661 | D:2      | Reached skill level 1 in Fire Magic
  1661 | D:2      | Reached skill level 1 in Ice Magic
  1661 | D:2      | Reached skill level 1 in Air Magic
  1661 | D:2      | Reached skill level 1 in Earth Magic
  1661 | D:2      | Reached skill level 1 in Poison Magic
  2031 | D:3      | Reached XP level 5. HP: 37/37 MP: 10/14
  2058 | D:3      | Found a faded altar of an unknown god.
  2077 | D:3      | Found a glowing silver altar of Zin.
  2554 | D:4      | Noticed a slave
  2558 | D:4      | Noticed Pikel
  2563 | D:4      | Noticed a slave
  2564 | D:4      | Noticed a slave
  2566 | D:4      | Noticed a slave
  2571 | D:4      | Killed a slave
  2746 | D:4      | Noticed Duvessa
  2754 | D:4      | Found a sand-covered staircase.
  2766 | Ossuary  | Entered an ossuary
  3212 | D:4      | Noticed Ijyb
  3413 | D:4      | Killed Ijyb
  3414 | D:4      | Reached XP level 6. HP: 40/44 MP: 11/16
  3546 | D:4      | Killed Duvessa
  3547 | D:4      | Reached skill level 5 in Dodging
  3547 | D:4      | Reached skill level 5 in Stealth
  3653 | D:4      | Noticed a sky beast
  3678 | D:4      | Killed a sky beast
  4100 | D:3      | Killed a slave
  4290 | D:4      | Reached XP level 7. HP: 50/50 MP: 16/18
  4355 | D:4      | Killed Pikel
  4356 | D:4      | Reached XP level 8. HP: 57/57 MP: 5/19
  4775 | D:5      | Entered Level 5 of the Dungeon
  5550 | D:5      | Reached skill level 8 in Spellcasting
  5711 | D:6      | Found Nonixom's Jewellery Shoppe.
  5711 | D:6      | Noticed a hippogriff
  5882 | D:6      | Killed a hippogriff
  5949 | D:6      | Noticed Blork the orc
  5961 | D:6      | Killed Blork the orc
  6043 | D:6      | Reached XP level 9. HP: 65/65 MP: 15/21
  6084 | D:6      | Found Huimniba's Gadget Shop.
  6211 | D:6      | Found a sparkling altar of Nemelex Xobeh.
  6349 | D:6      | Found Cawium's Jewellery Emporium.
  6411 | D:6      | Found Inool's Distillery.
  6552 | D:6      | Became a worshipper of Nemelex Xobeh the Trickster
  6645 | D:7      | Noticed a troll
  6666 | D:7      | Killed a troll
  6751 | D:7      | Received a gift from Nemelex Xobeh
  6820 | D:7      | Found a staircase to the Ecumenical Temple.
  6865 | D:7      | Found a flagged portal.
  6878 | Bailey   | Entered a bailey
  7737 | D:7      | Reached skill level 5 in Invocations
  7982 | D:7      | Reached XP level 10. HP: 72/73 MP: 20/22
  8063 | D:8      | Noticed Maurice
  8071 | D:8      | Killed Maurice
  8080 | D:8      | Reached skill level 5 in Fighting
  8080 | D:8      | Reached skill level 5 in Short Blades
  8080 | D:8      | Reached skill level 5 in Long Blades
  8080 | D:8      | Reached skill level 5 in Axes
  8080 | D:8      | Reached skill level 5 in Maces & Flails
  8080 | D:8      | Reached skill level 5 in Polearms
  8080 | D:8      | Reached skill level 5 in Staves
  8080 | D:8      | Reached skill level 5 in Slings
  8080 | D:8      | Reached skill level 5 in Bows
  8080 | D:8      | Reached skill level 5 in Crossbows
  8080 | D:8      | Reached skill level 5 in Throwing
  8080 | D:8      | Reached skill level 5 in Armour
  8080 | D:8      | Reached skill level 5 in Shields
  8080 | D:8      | Reached skill level 5 in Unarmed Combat
  8080 | D:8      | Reached skill level 5 in Evocations
  8302 | D:7      | Found a staircase to the Lair.
  8447 | D:7      | Reached skill level 9 in Spellcasting
  8763 | Lair:1   | Entered Level 1 of the Lair of Beasts
  8826 | Lair:1   | Noticed a cane toad
  8851 | Lair:1   | Killed a cane toad
  8852 | Lair:1   | Reached skill level 5 in Conjurations
  8852 | Lair:1   | Reached skill level 5 in Summonings
  8852 | Lair:1   | Reached skill level 5 in Translocations
  8883 | Lair:1   | Reached * piety under Nemelex Xobeh
  9062 | Lair:1   | Found a one-way gate to the infinite horrors of the Abyss.
  9123 | Lair:1   | Found a corrupted altar of Lugonu.
  9210 | Lair:1   | Received a gift from Nemelex Xobeh
  9323 | Lair:1   | Noticed Urug
  9347 | Lair:1   | Hit by a javelin thrown by Urug

Skill      XL: |  1  2  3  4  5  6  7  8  9 10 |
---------------+-------------------------------+-----
Conjurations   | 2 3 4 5 |  5.1
Summonings     | 2 3 4 5 |  5.1
Translocations | 2 3 4 5 |  5.1
Invocations    | 1 2 3 4 5 6 |  6.1
Fighting       | 1 2 3 4 5 |  5.5
Short Blades   | 1 2 3 4 5 |  5.5
Long Blades    | 1 2 3 4 5 |  5.5
Axes           | 1 2 3 4 5 |  5.5
Maces & Flails | 1 2 3 4 5 |  5.5
Polearms       | 1 2 3 4 5 |  5.5
Staves         | 1 2 3 4 5 |  5.5
Slings         | 1 2 3 4 5 |  5.5
Bows           | 1 2 3 4 5 |  5.5
Crossbows      | 1 2 3 4 5 |  5.5
Throwing       | 1 2 3 4 5 |  5.5
Armour         | 1 2 3 4 5 |  5.5
Shields        | 1 2 3 4 5 |  5.5
Unarmed Combat | 1 2 3 4 5 |  5.5
Evocations     | 1 2 3 4 5 |  5.5
Hexes          | 1 2 3 4 |  4.5
Charms         | 1 2 3 4 |  4.5
Necromancy     | 1 2 3 4 |  4.5
Transmutations | 1 2 3 4 |  4.5
Fire Magic     | 1 2 3 4 |  4.5
Ice Magic      | 1 2 3 4 |  4.5
Air Magic      | 1 2 3 4 |  4.5
Earth Magic    | 1 2 3 4 |  4.5
Poison Magic   | 1 2 3 4 |  4.5
Dodging        | 5 6 7 |  7.2
Stealth        | 5 6 7 |  7.2
Spellcasting   | 8 9 |  9.1

Action                   |  1- 3 |  4- 6 |  7- 9 | 10-12 || total
-------------------------+-------+-------+-------+-------++-------
Melee: Staff             |    14 |    32 |       |       ||    46
       Unarmed           |     1 |    47 |    41 |       ||    89
       Bite              |     1 |     2 |    11 |    12 ||    26
       Dagger            |       |       |    97 |    79 ||   176
       Punch             |       |       |     2 |     1 ||     3
       Whip              |       |       |       |    10 ||    10
       Halberd           |       |       |       |     4 ||     4
 Cast: Magic Dart        |    68 |    89 |   152 |    39 ||   348
       Call Imp          |     4 |    14 |    27 |    28 ||    73
       Spider Form       |     2 |    12 |     2 |       ||    16
       Mephitic Cloud    |     1 |     4 |    32 |    15 ||    52
       Conjure Flame     |       |     2 |    32 |     4 ||    38
 Abil: End Transformatio |     1 |     1 |     2 |       ||     4
       Draw Summoning    |       |       |     1 |       ||     1
Evoke: Wand              |       |       |     2 |       ||     2
  Use: Potion            |       |     1 |     1 |       ||     2
       Scroll            |       |     1 |     3 |     4 ||     8
 Stab: Sleeping          |       |     2 |       |     1 ||     3
       Confused          |       |       |    10 |     9 ||    19
       Distracted        |       |       |     1 |     2 ||     3
  Eat: Chunk             |     3 |    11 |    14 |     7 ||    35
       Ration            |       |     1 |     1 |       ||     2
Armor: Robe              |     1 |     5 |    24 |    15 ||    45
       Skin              |       |       |     6 |       ||     6
       Ring mail         |       |       |       |     1 ||     1
Dodge: Dodged            |    20 |    89 |   180 |    67 ||   356
